 Dungeon Crawl Stone Soup version 0.28.0-53-g5a82cb258f (webtiles) character file.

Game seed: 4380505858670819266

28 Descartes the Covert (level 2, -2/16 HPs)
             Began as a Spriggan Delver on July 5, 2022.
             Slain by an ogre
             ... wielding a +0 giant club
              (18 damage)
             ... on level 5 of the Dungeon.
             The game lasted 00:00:31 (93 turns).

Descartes the Covert (Spriggan Delver)                Turns: 93, Time: 00:00:31

Health: -2/16      AC:  2    Str:  8    XL:     2   Next: 96%
Magic:  3/3        EV: 18    Int: 11    God:
Gold:   5          SH:  0    Dex: 16    Spells: 1/1 levels left

rFire   . . .      SeeInvis +   a - +0 short sword
rCold   . . .      Faith    .   (no shield)
rNeg    . . .      Spirit   .   b - +0 robe
rPois   .          Reflect  .   (helmet restricted)
rElec   .          Harm     .   (no cloak)
rCorr   .          Rampage  .   (gloves unavailable)
Will    .....                   (boots unavailable)
Stlth   ++++......              (no amulet)
HPRegen 0.05/turn               (no ring)
MPRegen 0.08/turn               (no ring)

@: very quick
A: very small, no large weapons, unfitting armour, see invisible, speed 3
a: no special abilities


You were on level 5 of the Dungeon.
You visited 1 branch of the dungeon, and saw 1 of its levels.

You collected 5 gold pieces.

Inventory:

Hand Weapons
 a - a +0 short sword (weapon)
Armour
 b - a +0 robe (worn)
 j - a scarf of resistance
Wands
 g - a wand of digging (2)
Scrolls
 c - a scroll of fog
 d - a scroll of magic mapping
 e - a scroll of fear
 h - a scroll of enchant weapon {unknown}
Potions
 f - a potion of haste
 i - a potion of heal wounds {unknown}


   Skills:
 - Level 2.4 Fighting
 + Level 2.6 Short Blades
 + Level 3.3 Dodging
 * Level 8.0 Stealth


You had one spell level left.
You didn't know any spells.
Your spell library was empty.

Dungeon Overview and Level Annotations

Branches:
Dungeon (5/15)
 Temple: D:4-7

Altars:
Trog

Shops:
D:5 *(

Annotations:
D:5 Sigmund


Innate Abilities, Weirdness & Mutations

You are very small and have problems with some larger weapons.
You are too small for most types of armour.
You have supernaturally acute eyesight. (SInv)
You cover ground extremely quickly. (Speed+++)


Message History

Welcome, Descartes the Spriggan Delver.
You feel drawn to the Orb of Zot, downwards into the unfathomable depths...
Press ? for a list of commands and other information.
Found a stone staircase leading down.
Found a bloodstained altar of Trog.
Found a scroll labelled KYCIXZ FECLUNIR.
There is a bloodstained altar of Trog here.
Aiming: Dig
Press: ? - help, Shift-Dir - straight line A translucent rock wall.
The rock shatters into small pieces.
h - a scroll labelled KYCIXZ FECLUNIR
i - a glowing inky potion A hound comes into view.
The helpless hound fails to defend itself.
You impale the hound!!
You kill the hound!
Your Dodging skill increases to level 3!
Your Stealth skill increases to level 8!
You have reached level 2!
An adder comes into view.
Found a runed scarf.
Found 24 stones.
Found an escape hatch in the ceiling.
Found 5 gold pieces.
You see here a scarf of resistance.
j - a scarf of resistance You now have 5 gold pieces.
An ogre comes into view. It is wielding a +0 giant club.
Found Ucvudd's General Store.
Found Qaurph's Antique Weapon Emporium.
Found a stone staircase leading down.
Sigmund shouts!
The ogre shouts!
You hit the ogre.
The ogre is lightly wounded.
The ogre hits you with a +0 giant club!!
Ouch! That really hurt!
You die...

... ..............##.#.#
#######.########.......#
. ##....#(# .# ##..###
.# ......#.# # ###.#.#.#
# #.#.## #∩#.#..#
##..@##.# #...O.#.#
#.#####..## .. #..@#...#
# #.>.#.#.# #...#.#...
#.∩.#.##..# #...#.. ..#
#####.# ..#


You could see Sigmund and an ogre.

Vanquished Creatures
  A hound (D:5)
1 creature vanquished.

Notes
Turn   | Place    | Note
-------+----------+-------------------------------------------
     0 | D:5      | Descartes the Spriggan Delver began the quest for the Orb.
     0 | D:5      | Reached XP level 1. HP: 11/11 MP: 2/2
     2 | D:5      | Found a bloodstained altar of Trog.
    55 | D:5      | Noticed a hound
    57 | D:5      | Killed a hound
    58 | D:5      | Reached skill level 8 in Stealth
    58 | D:5      | Reached XP level 2. HP: 16/16 MP: 3/3
    87 | D:5      | Found Ucvudd's General Store.
    87 | D:5      | Noticed an ogre
    91 | D:5      | Found Qaurph's Antique Weapon Emporium.
    91 | D:5      | Noticed Sigmund
    93 | D:5      | Slain by an ogre

Illustrated notes

Levels and vault maps discovered:
D:5:      layout_basic, nicolae_overflow_hidden_temple, serial_shops,
          nicolae_stop_n_shop_1, nicolae_shop_overgrown_old_shop,
          nicolae_take_the_stairs, shop, item_on_display_a, uniq_blork_the_orc,
          uniq_sigmund

Skill      XL: |  1 |
---------------+----+-----
Dodging        | 3 |  3.3
Stealth        | 8 |  8.0
Fighting       | |  2.4
Short Blades   | |  2.6

Action                   || total
-------------------------++-------
Melee: Short sword       ||     2
Evoke: Wand              ||     1
 Stab: Sleeping          ||     1
